 Dungeon Crawl Stone Soup version 0.21.1-1-g345015f (webtiles) character file.

21538 Fang the Cleaver (level 12, -3/106 HPs)
             Began as a Gargoyle Berserker on June 4, 2018.
             Was a High Priest of Trog.
             Slain by a 16-headed hydra (8 damage)
             ... on level 4 of the Lair of Beasts on June 5, 2018.
             The game lasted 00:25:33 (14812 turns).

Fang the Cleaver (Gargoyle Berserker)              Turns: 14812, Time: 00:25:33

Health: -3/106     AC: 25    Str: 31    XL:     12   Next: 91%
Magic:  4/4        EV: 15    Int:  8    God:    Trog [*****.]
Gold:   937        SH:  0    Dex: 14    Spells: 11/11 levels left

rFire    + . .     SeeInvis .   F - +1 battleaxe (antimagic)
rCold    . . .     Gourm    .   (shield currently unavailable)
rNeg     + . .     Faith    .   E - +3 chain mail {rF+}
rPois    ∞         Spirit   .   (no helmet)
rElec    +         Reflect  .   (no cloak)
rCorr    .         Harm     .   g - +2 pair of gloves
MR       .....                  (no boots)
Stlth    ..........             H - amulet of regeneration
HPRegen  0.67/turn              K - +5 ring of dexterity
MPRegen  0.09/turn              n - +2 ring of evasion

@: berserking, very quick
A: blink, frail 1, negative energy resistance 1, electricity resistance,
unbreathing, petrification resistance, rot immunity, AC +8
a: Blink, Berserk, Trog's Hand, Brothers in Arms, Burn Spellbooks, Renounce
Religion


You were on level 4 of the Lair of Beasts.
You worshipped Trog.
Trog was extremely pleased with you.
You were very hungry.

You visited 3 branches of the dungeon, and saw 15 of its levels.

You collected 937 gold pieces.

Inventory:

Hand Weapons
 a - a +0 hand axe
 b - a +1 battleaxe of draining
 w - a +2 hand axe of pain
 F - a +1 antimagic battleaxe (weapon)
Missiles
 u - 8 silver javelins (quivered)
Armour
 g - a +2 pair of gloves (worn)
 E - a +3 chain mail of fire resistance (worn)
Jewellery
 l - an uncursed ring of ice
 n - a +2 ring of evasion (right hand)
 o - the ring "Gocose" {AC+2 Int+3}
   (You found it on level 2 of the Lair of Beasts)

   [ring of protection]

   It affects your AC (+2).
   It affects your intelligence (+3).
 s - an uncursed ring of fire
 t - an uncursed amulet of harm
 H - an amulet of regeneration (around neck)
 I - an uncursed ring of protection from magic
 K - a +5 ring of dexterity (left hand)
 M - an uncursed ring of stealth
Wands
 r - a wand of random effects (28)
 x - a wand of digging (11)
 y - a wand of enslavement (13)
 C - a wand of acid (7)
 L - a wand of flame (27)
Scrolls
 h - 5 scrolls of remove curse
 p - 2 scrolls of identify
 v - 3 scrolls of magic mapping
 A - 4 scrolls of teleportation
Potions
 e - 2 potions of might
 f - 6 potions of curing
 i - a potion of brilliance
 j - 2 potions of resistance
 k - a potion of flight
 m - 2 potions of agility
 q - 4 potions of ambrosia
 z - 2 potions of berserk rage
 B - 2 potions of invisibility
 D - 2 potions of haste
Books
 d - a book of Misfortune

   Spells                             Type                      Level
   a - Confusing Touch                Hexes                        1
   b - Confuse                        Hexes                        3
   c - Gell's Gravitas                Translocation                3
   d - Petrify                        Transmutation/Earth          4
   e - Metabolic Englaciation         Hexes/Ice                    5
   f - Yara's Violent Unravelling     Hexes/Transmutation          5
   Trog disapproves of the use of such an item.
 G - a book of Misfortune

   Spells                             Type                      Level
   a - Confusing Touch                Hexes                        1
   b - Confuse                        Hexes                        3
   c - Gell's Gravitas                Translocation                3
   d - Petrify                        Transmutation/Earth          4
   e - Metabolic Englaciation         Hexes/Ice                    5
   f - Yara's Violent Unravelling     Hexes/Transmutation          5
   Trog disapproves of the use of such an item.
Comestibles
 c - 21 rations


   Skills:
 + Level 10.6 Fighting
 + Level 13.4 Axes
 + Level 5.9 Armour
 + Level 7.8 Dodging
 + Level 7.3 Stealth


You had 11 spell levels left.
You didn't know any spells.

Dungeon Overview and Level Annotations

Branches:
Dungeon (10/15)            Temple (1/1) D:7            Lair (4/6) D:9
  Swamp (0/4) Lair:3        Snake (0/4) Lair:2          Orc (0/2) D:9

Altars:
Ashenzari
Cheibriados
Dithmenos
Elyvilon
Fedhas
Gozag
Hepliaklqana
Kikubaaqudgha
Makhleb
Nemelex Xobeh
Okawaru
Qazlal
Ru
Sif Muna
Trog
Uskayaw
Vehumet
Wu Jian
Xom
Yredelemnul
Zin
The Shining One

Annotations:
Lair:1 2 transporters


Innate Abilities, Weirdness & Mutations

You are resistant to torment.
Your stone body is resilient. (AC +8)
You are immune to poison.
You resist negative energy. (rN+)
You are resistant to electric shocks. (rElec)
You can survive without breathing.
You are immune to petrification.
You are immune to rotting.
You can translocate small distances at will.
You are frail. (-10% HP)


Message History

You slash the wolf! You closely miss the yak.
The wolf bites you but does no damage. The yak barely misses you.
The 16-headed hydra bites you but does no damage.
The 16-headed hydra bites you.
* * * LOW HITPOINT WARNING * * *
The 16-headed hydra closely misses you.
The 16-headed hydra bites you but does no damage. x2
The 16-headed hydra completely misses you.
The 16-headed hydra bites you but does no damage.
The 16-headed hydra bites you.
* * * LOW HITPOINT WARNING * * *
The 16-headed hydra bites you.
* * * LOW HITPOINT WARNING * * *
The 16-headed hydra bites you but does no damage.
The 16-headed hydra barely misses you. The 16-headed hydra bites you!
* * * LOW HITPOINT WARNING * * *
The 16-headed hydra misses you.
The 16-headed hydra bites you but does no damage.
The 16-headed hydra closely misses you. The 16-headed hydra bites you!
You die...

...8.. .#..
#.....> .....
#.S.8.. .....
##..... ...#..
....#... ..#.$.
.....#h##.....#
#...hYh.......
#...D@.#
##..##.Y.#.#
....##.h.###
..........#
...#8.<.8# ..
#....?#
.....$8.##
.....####.
#.... ..


You could see a 16-headed hydra, 2 yaks and 4 wolves.

Vanquished Creatures
  Josephine (D:10)
  A hydra (Lair:2)
  Erica (Lair:1)
  A catoblepas (Lair:3)
  5 two-headed ogres
  Urug (D:10)
  The ghost of lux767 the Geomancer, a novice FoEE of Vehumet (D:6)
  Joseph (D:10)
  3 black mambas
  4 spiny frogs (Lair:3)
  3 komodo dragons (Lair:3)
  A rime drake (Lair:3)
  2 trolls
  Sigmund (D:4)
  2 wraiths (D:10)
  A wyvern (Lair:2)
  A hungry ghost (D:7)
  12 yaks
  4 nagas (Lair:2)
  7 water moccasins
  6 porcupines
  Duvessa (D:7)
  5 orc warriors
  A phantom (D:9)
  3 ice beasts
  10 ogres
  A necrophage (D:10)
  8 wolves
  7 centaurs
  2 crocodiles
  Blork the orc (D:6)
  12 bullfrogs
  A gnoll sergeant (D:8)
  Dowan (D:7)
  11 killer bees
  7 electric eels
  A bullfrog zombie (D:5)
  A centaur zombie (D:9)
  2 quasits
  2 jellies
  8 orc priests
  A gnoll shaman (D:7)
  7 hounds
  2 iguanas
  Ijyb (D:3)
  11 orc wizards
  4 worker ants
  A killer bee zombie (D:6)
  A worker ant zombie (D:10)
  11 gnolls
  7 adders
  4 river rats
  2 shadow imps
  3 oozes
  2 adder skeletons
  4 worms
  2 dart slugs
  9 leopard geckos
  45 orcs
  5 bats
  10 giant cockroaches
  11 goblins
  8 hobgoblins
  7 jackals
  7 kobolds
  6 quokkas
  7 ball pythons
  A ball python skeleton (D:5)
  4 frilled lizards
  A leopard gecko skeleton (D:5)
  2 quokka skeletons
  10 rats
  2 plants
342 creatures vanquished.

Notes
Turn   | Place    | Note
-------+----------+-------------------------------------------
     0 | D:1      | Fang the Gargoyle Berserker began the quest for the Orb.
     0 | D:1      | Reached XP level 1. HP: 14/14 MP: 1/1
   300 | D:1      | Reached XP level 2. HP: 15/19 MP: 2/2
   396 | D:1      | Reached skill level 3 in Axes
   664 | D:2      | Reached XP level 3. HP: 24/24 MP: 3/3
   736 | D:2      | Noticed an ogre
   752 | D:2      | Killed an ogre
   752 | D:2      | Reached skill level 4 in Axes
   752 | D:2      | Reached XP level 4. HP: 14/30 MP: 4/4
   752 | D:2      | Reached XP level 5. HP: 16/34 MP: 5/5
   969 | D:2      | Reached ** piety under Trog
  1303 | D:2      | Found a sacrificial altar of Ru.
  1784 | D:3      | Noticed Ijyb
  1800 | D:3      | Killed Ijyb
  1800 | D:3      | Reached XP level 6. HP: 26/39 MP: 6/6
  2023 | D:3      | Reached *** piety under Trog
  2512 | D:4      | Found a radiant altar of Vehumet.
  2570 | D:4      | Reached skill level 5 in Axes
  2731 | D:4      | Found a burning altar of Makhleb.
  2745 | D:4      | Found a shadowy altar of Dithmenos.
  2748 | D:4      | Found a glowing silver altar of Zin.
  2790 | D:4      | Reached skill level 5 in Fighting
  2790 | D:4      | Reached skill level 1 in Stealth
  2795 | D:4      | Reached XP level 7. HP: 44/44 MP: 7/7
  2969 | D:4      | Noticed a moth of wrath
  2972 | D:4      | Found a bloodstained altar of Trog.
  3050 | D:4      | Noticed Sigmund
  3058 | D:4      | Killed Sigmund
  3264 | D:4      | Reached **** piety under Trog
  3319 | D:5      | Entered Level 5 of the Dungeon
  3626 | D:5      | Reached skill level 6 in Axes
  3692 | D:5      | Reached XP level 8. HP: 19/50 MP: 8/8
  4570 | D:6      | Found an iron altar of Okawaru.
  4618 | D:6      | Reached skill level 7 in Axes
  4790 | D:6      | Noticed lux767's ghost (novice FoEE)
  4810 | D:6      | Killed lux767's ghost
  4810 | D:6      | Reached skill level 8 in Axes
  4810 | D:6      | Reached XP level 9. HP: 54/56 MP: 9/9
  4916 | D:6      | Gained mutation: You are frail. (-10% HP) [potion of mutation]
  4916 | D:6      | Gained mutation: You can translocate small distances at will. [potion of mutation]
  5078 | D:6      | Noticed Blork the orc
  5100 | D:6      | Killed Blork the orc
  5800 | D:7      | Noticed a two-headed ogre
  5807 | D:7      | Reached skill level 5 in Dodging
  5820 | D:7      | Killed a two-headed ogre
  5820 | D:7      | Reached skill level 9 in Axes
  5832 | D:7      | HP: 1/51 [orc wizard/magic dart (2)]
  6238 | D:7      | Found a staircase to the Ecumenical Temple.
  6620 | D:7      | Reached XP level 10. HP: 46/56 MP: 10/10
  6721 | D:7      | Received a gift from Trog
  7257 | D:7      | Noticed Dowan
  7259 | D:7      | Noticed Duvessa
  7272 | D:7      | Killed Dowan
  7276 | D:7      | Killed Duvessa
  7448 | Temple   | Entered the Ecumenical Temple
  7800 | D:8      | Noticed a two-headed ogre
  7814 | D:8      | Killed a two-headed ogre
  7814 | D:8      | Reached skill level 10 in Axes
  8262 | D:8      | Noticed a two-headed ogre
  8486 | D:8      | Killed a two-headed ogre
  8486 | D:8      | Reached skill level 5 in Stealth
  8911 | D:8      | You fall through a shaft for 2 floors!
  8911 | D:10     | Entered Level 10 of the Dungeon
  8935 | D:10     | Reached XP level 11. HP: 62/62 MP: 11/11
  9261 | D:9      | Noticed a two-headed ogre
  9268 | D:9      | Reached skill level 11 in Axes
  9271 | D:9      | Reached ***** piety under Trog
  9276 | D:9      | Killed a two-headed ogre
  9437 | D:9      | Found a staircase to the Orcish Mines.
 10011 | D:9      | Noticed a two-headed ogre
 10026 | D:9      | Killed a two-headed ogre
 10459 | D:9      | Found a staircase to the Lair.
 11209 | D:10     | Noticed Urug
 11227 | D:10     | Killed Urug
 11227 | D:10     | Received a gift from Trog
 11749 | D:10     | Noticed Joseph
 11756 | D:10     | Killed Joseph
 11936 | D:10     | Noticed Josephine
 11997 | D:10     | Reached skill level 12 in Axes
 12005 | D:10     | Killed Josephine
 12005 | D:10     | Reached XP level 12. HP: 69/69 MP: 4/12
 12391 | Lair:1   | Entered Level 1 of the Lair of Beasts
 12530 | Lair:1   | Found a transporter.
 12781 | Lair:1   | Found a transporter.
 12867 | Lair:1   | Noticed Erica
 12873 | Lair:1   | Killed Erica
 12873 | Lair:1   | Reached skill level 10 in Fighting
 13301 | Lair:2   | Noticed a four-headed hydra
 13325 | Lair:2   | Killed an 11-headed hydra
 13447 | Lair:2   | Found a staircase to the Snake Pit.
 13461 | Lair:2   | Reached skill level 5 in Armour
 13772 | Lair:2   | Got a smoking tin ring
 13864 | Lair:2   | You fall through a shaft!
 14150 | Lair:3   | Found a staircase to the Swamp.
 14219 | Lair:3   | Noticed a catoblepas
 14223 | Lair:3   | Reached skill level 13 in Axes
 14236 | Lair:3   | Killed a catoblepas
 14384 | Lair:3   | Identified the ring "Gocose" {AC+2 Int+3} (You found it on level 2 of the Lair of Beasts)
 14797 | Lair:4   | Noticed a seven-headed hydra
 14812 | Lair:4   | HP: 5/106 [16-headed hydra (8)]
 14812 | Lair:4   | Slain by a 16-headed hydra

Skill      XL: |  1  2  3  4  5  6  7  8  9 10 11 12 |
---------------+-------------------------------------+-----
Axes           | 3 4 5 6 8 9 10 12 13 | 13.4
Fighting       | 4 5 6 7 8 9 10 | 10.6
Dodging        | 2 3 4 5 6 7 |  7.8
Stealth        | 1 2 3 4 5 6 7 |  7.3
Armour         | 3 5 |  5.9

Action                   |  1- 3 |  4- 6 |  7- 9 | 10-12 || total
-------------------------+-------+-------+-------+-------++-------
Melee: Hand axe          |    90 |   220 |   349 |   392 ||  1051
       Battleaxe         |       |       |       |   297 ||   297
Invok: Berserk           |     1 |     3 |    10 |    15 ||    29
  Use: Scroll            |       |       |    23 |     7 ||    30
       Potion            |       |       |     2 |       ||     2
 Stab: Sleeping          |       |     2 |     5 |     3 ||    10
       Distracted        |       |       |       |     1 ||     1
       Petrified         |       |       |       |     9 ||     9
       Petrifying        |       |       |       |     1 ||     1
  Eat: Chunk             |       |     9 |    11 |    33 ||    53
       Ration            |       |       |     3 |     3 ||     6
Armor: Animal skin       |    27 |    55 |   109 |   102 ||   293
       Chain mail        |       |       |       |   241 ||   241
Dodge: Dodged            |    63 |   160 |   292 |   527 ||  1042
